Map: Beckett Industries LE

Players

Dyda - Winner!

  • Race: Zerg Zerg
  • League: Platinum

candybomberz

  • Race: Protoss Protoss
  • League: Bronze

VOD

Have the link to the VOD?

Description

macro game vs zerg

Time

  • Played on: Aug. 24, 2021, 10:27 a.m.
  • Length: 22:48
Show
View Real Time Build Order
Export as new Build Order

Dyda Zerg - Winner!

Build Orders: Hatch First 

Get SALT Encoding   

  12  0:00  Drone  
  13  0:12  Overlord  
  13  0:16  Drone  
  14  0:32  Drone  
  15  0:45  Hatchery  
  15  0:49  Drone  
  15  0:53  Drone  
  16  0:58  Drone  
  16  1:02  Drone  
  18  1:11  Extractor  
  18  1:17  Spawning Pool  
  16  1:20  Drone  
  16  1:23  Drone  
  18  1:33  Drone  
  19  1:46  Overlord  
  19  1:55  Drone  
  20  2:06  Queen  
  20  2:07  Zergling x4, Queen  
  26  2:14  Drone  
  27  2:16  Drone  
  27  2:20  Metabolic Boost  
  28  2:31  Drone  
  28  2:32  Drone  
  30  2:42  Queen  
  32  2:58  Hatchery  
  32  3:01  Overlord  
  32  3:02  Pneumatized Carapace  
  32  3:05  Drone  
  32  3:10  Drone x2  
  34  3:15  Drone x2  
  36  3:23  Queen  
  38  3:29  Overlord  
  38  3:32  Drone  
  39  3:35  Drone  
  40  3:42  Drone  
  40  3:43  Drone, Baneling Nest  
  40  3:45  Drone  
  40  3:48  Drone  
  43  3:49  Drone  
  44  3:55  Spore Crawler  
  44  3:58  Spore Crawler  
  42  4:03  Drone  
  42  4:05  Drone  
  42  4:09  Extractor  
  43  4:10  Spore Crawler  
  43  4:15  Overlord  
  42  4:18  Drone x2  
  42  4:19  Drone x3  
  42  4:21  Drone  
  42  4:24  Extractor  
  47  4:26  Extractor  
  47  4:29  Lair  
  46  4:51  Drone x3  
  46  4:52  Drone x3  
  52  4:53  Drone x3  
  55  5:01  Drone x2  
  55  5:03  Evolution Chamber x2  
  55  5:08  Drone  
  55  5:09  Drone x5  
  55  5:14  Queen  
  63  5:35  Overlord x3  
  63  5:37  Drone x2  
  63  5:38  Drone  
  63  5:40  Extractor, Overlord x2  
  65  5:44  Zerg Melee Weapons Level 1, Zerg Ground Armor Level 1  
  65  5:45  Zergling x2  
  66  5:54  Zergling x2  
  66  5:55  Zergling x16  
  75  5:58  Centrifical Hooks  
  75  6:12  Overlord x2  
  75  6:14  Zergling x14  
  82  6:20  Zergling x2  
  82  6:21  Zergling x4  
  85  6:27  Baneling x7  
  85  6:28  Baneling x4  
  85  6:29  Zergling x8  
  89  6:36  Zergling x2  
  89  6:37  Zergling x6  
  93  6:42  Drone x2  
  92  7:02  Zergling x18  
  89  7:18  Zergling x8  
  89  7:25  Hydralisk Den, Drone  
  89  7:27  Zergling x2  
  89  7:28  Baneling, Zergling x4  
  89  7:29  Baneling x15  
  92  7:34  Drone x2  
  92  7:35  Drone  
  95  7:41  Zerg Melee Weapons Level 2  
  95  7:42  Zerg Ground Armor Level 2  
  95  7:50  Zergling x2  
  95  7:51  Zergling x8  
  95  8:01  Zergling x10  
  97  8:12  Queen  
  87  8:13  Queen x2  
  87  8:15  Grooved Spines, Hydralisk  
  87  8:16  Hydralisk x7  
  108  8:20  Baneling  
  108  8:21  Baneling x4  
  108  8:29  Drone  
  108  8:30  Drone  
  108  8:32  Drone x2  
  108  8:33  Extractor, Drone  
  112  8:35  Overlord x3  
  112  8:47  Hatchery  
  111  8:51  Spore Crawler x2  
  111  8:52  Spore Crawler  
  111  8:54  Spore Crawler  
  107  8:56  Hydralisk x4  
  115  9:07  Drone  
  116  9:10  Infestation Pit  
  116  9:12  Queen x2  
  119  9:18  Queen  
  121  9:26  Muscular Augments, Drone x4  
  121  9:27  Drone  
  126  9:36  Overlord  
  126  9:37  Overlord x2  
  126  9:45  Drone x9  
  135  9:50  Hive  
  135  9:59  Queen  
  135  10:01  Overlord x2  
  137  10:07  Zergling x14  
  137  10:08  Baneling, Zergling x2  
  137  10:09  Baneling x3  
  136  10:39  Baneling x9  
  136  10:40  Zergling x14  
  136  10:42  Drone x3  
  146  10:44  Extractor  
  146  10:46  Extractor  
  146  10:48  Drone, Spire  
  144  10:50  Hydralisk x4  
  144  10:51  Hydralisk x4  
  160  10:57  Zerg Missile Weapons Level 1  
  160  11:08  Baneling  
  160  11:09  Baneling x6  
  160  11:14  Drone x5  
  160  11:15  Drone x4  
  169  11:24  Drone  
  169  11:25  Drone  
  171  11:27  Hatchery  
  170  11:32  Zerg Ground Armor Level 3  
  170  11:37  Hatchery  
  169  11:48  Hatchery  
  167  11:58  Overlord x2  
  167  11:59  Overlord  
  167  12:00  Overseer x3  
  167  12:01  Overseer  
  151  12:15  Zergling x36  
  142  12:49  Hydralisk  
  142  12:50  Hydralisk x13  
  162  12:56  Baneling  
  162  12:57  Baneling x13  
  160  13:04  Queen  
  162  13:06  Queen  
  162  13:07  Queen  
  162  13:09  Corruptor x8  
  182  13:15  Viper  
  182  13:16  Viper x3  
  194  13:21  Zerg Missile Weapons Level 2  
  180  13:36  Queen x2  
  184  13:42  Zerg Flyer Weapons Level 1  
  184  14:09  Drone x2  
  189  14:10  Drone x6, Spore Crawler  
  189  14:11  Drone, Spore Crawler  
  189  14:12  Spore Crawler  
  189  14:14  Spore Crawler  
  189  14:16  Corruptor x5  
  195  14:20  Spore Crawler x3  
  195  14:22  Spore Crawler  
  195  14:24  Spore Crawler  
  194  14:31  Extractor  
  194  14:32  Extractor  
  194  14:35  Drone  
  194  14:36  Drone x6  
  199  15:28  Spore Crawler x4  
  197  15:29  Spore Crawler x2  
  197  15:30  Spore Crawler x2  
  197  15:31  Spore Crawler x4  
  197  15:34  Spore Crawler, Drone x8  
  197  15:35  Drone x5  
  172  16:15  Corruptor x11  
  188  16:19  Overlord  
  188  16:20  Overlord  
  188  16:21  Viper x2  
  194  16:48  Viper x2  
  200  16:55  Hatchery  
  199  17:23  Zerg Flyer Weapons Level 2  
  199  17:28  Spire  
  151  17:46  Overseer  
  141  18:10  Hydralisk x21  
  141  18:11  Hydralisk x6  
  146  18:54  Corruptor x12  
  158  19:03  Zergling x18  
  167  19:14  Zergling x8  
  169  19:26  Zergling x16  
  175  19:36  Extractor x2  
  165  19:42  Zergling x10  
  162  19:52  Lurker Den  
  161  20:03  Zerg Flyer Weapons Level 3  
  161  20:04  Zerg Flyer Armor Level 1  
  161  20:15  Queen  
  161  20:18  Hatchery  
  151  20:35  Zergling x12  
  131  20:36  Zergling x34  
  153  20:52  Hydralisk x6  
  153  20:53  Hydralisk x6  
  153  20:55  Adaptive Talons  
  177  21:01  Extractor  
  176  21:05  Extractor  
  175  21:18  Overlord x3  
  175  21:24  Lurker x4  
  179  21:26  Lurker x3  
  182  21:44  Lurker x4  
  182  21:45  Lurker  
  187  21:49  Hydralisk x6  
  199  22:04  Hatchery  
  198  22:09  Extractor  
  197  22:26  Extractor  
Show
View Real Time Build Order
Export as new Build Order

candybomberz Protoss 

Build Orders: 1 Gate Expand, Carriers 

Get SALT Encoding   

  12  0:00  Probe  
  13  0:15  Pylon  
  13  0:21  Probe  
  14  0:33  Probe  
  15  0:43  Gateway  
  15  0:46  Probe  
  16  0:50  Assimilator  
  16  1:01  Probe (Chrono Boost)  
  17  1:13  Probe (Chrono Boost)  
  18  1:22  Probe (Chrono Boost)  
  19  1:29  Nexus  
  19  1:38  Probe  
  20  1:42  Assimilator  
  20  1:46  Cybernetics Core  
  20  1:52  Probe  
  21  2:03  Gateway  
  21  2:05  Pylon  
  21  2:12  Zealot  
  23  2:23  Probe  
  24  2:32  Pylon  
  24  2:36  Probe  
  25  2:45  Probe (Chrono Boost)  
  25  2:48  Probe (Chrono Boost)  
  25  2:51  Stargate  
  27  2:57  Probe (Chrono Boost)  
  28  3:00  Probe (Chrono Boost)  
  28  3:04  Assimilator  
  29  3:06  Assimilator  
  29  3:07  Probe x2 (Chrono Boost)  
  31  3:15  Probe  
  31  3:17  Probe  
  31  3:18  Warp Gate  
  33  3:27  Probe  
  33  3:29  Probe  
  33  3:30  Void Ray  
  35  3:39  Probe  
  35  3:41  Probe  
  41  3:45  Stargate  
  41  3:51  Probe (Chrono Boost)  
  41  3:55  Probe (Chrono Boost)  
  43  4:03  Probe (Chrono Boost)  
  43  4:07  Probe (Chrono Boost)  
  45  4:10  Fleet Beacon  
  45  4:20  Probe  
  45  4:21  Probe  
  47  4:32  Probe  
  47  4:33  Probe  
  49  4:44  Probe, Nexus  
  49  4:45  Probe  
  51  4:46  Pylon  
  51  4:50  Pylon  
  51  4:56  Probe  
  51  4:57  Probe  
  53  5:00  Pylon  
  53  5:01  Pylon  
  53  5:07  Adept  
  53  5:08  Probe  
  53  5:09  Probe  
  53  5:11  Adept  
  59  5:20  Probe  
  60  5:21  Probe  
  60  5:27  Twilight Council  
  61  5:32  Probe  
  61  5:33  Probe  
  63  5:46  Carrier x2 (Chrono Boost)  
  75  5:54  Probe  
  75  5:55  Probe  
  77  6:01  Probe  
  77  6:04  Resonating Glaives  
  78  6:06  Probe  
  78  6:07  Probe  
  78  6:10  Gateway  
  80  6:12  Gateway  
  80  6:13  Probe  
  80  6:14  Gateway  
  80  6:17  Gateway  
  81  6:19  Probe x2  
  81  6:20  Pylon  
  81  6:25  Probe  
  84  6:29  Assimilator  
  84  6:31  Probe x2  
  86  6:34  Assimilator  
  86  6:37  Probe  
  87  6:43  Probe, Carrier  
  87  6:45  Carrier  
  100  6:58  Adept x2  
  96  7:14  Adept  
  94  7:16  Adept  
  94  7:18  Adept x2  
  100  7:56  Pylon  
  98  8:05  Adept x2  
  92  8:15  Nexus  
  92  8:19  Gateway  
  92  8:20  Pylon  
  92  8:30  Pylon  
  92  8:32  Pylon  
  92  8:34  Pylon  
  92  8:35  Pylon  
  92  8:36  Pylon  
  92  8:49  Carrier (Chrono Boost)  
  92  8:50  Carrier (Chrono Boost)  
  104  9:00  Probe x2  
  102  9:27  Adept x4  
  102  9:28  Adept  
  102  9:30  Probe  
  102  9:31  Probe x2  
  115  9:42  Probe  
  115  9:43  Probe x2  
  118  9:47  Carrier (Chrono Boost)  
  118  9:48  Carrier (Chrono Boost)  
  130  9:55  Probe x2  
  130  9:57  Robotics Facility  
  132  10:14  Adept x4  
  132  10:15  Adept  
  120  10:44  Adept x5  
  120  10:47  Carrier  
  120  10:49  Observer, Carrier  
  143  10:51  Gateway  
  143  10:52  Gateway  
  143  10:54  Gateway  
  143  10:57  Gateway  
  143  11:12  Adept  
  143  11:13  Adept x2  
  149  11:21  Pylon x2  
  149  11:23  Pylon  
  149  11:45  Nexus  
  135  12:10  Adept x3  
  135  12:11  Adept x2  
  135  12:12  Carrier x2  
  147  12:16  Adept x4  
  155  12:31  Adept x3  
  155  12:32  Adept x2  
  136  12:52  Adept x2  
  136  12:53  Adept x4  
  146  13:10  Probe  
  146  13:11  Probe x3  
  150  13:14  Adept  
  150  13:15  Adept x2  
  138  13:37  Probe  
  138  13:38  Probe x2  
  138  13:40  Observer  
  142  13:43  Probe  
  143  13:49  Probe  
  143  13:50  Probe  
  145  13:58  Carrier x2  
  157  14:14  Adept x6  
  157  14:15  Adept, Templar Archives  
  157  14:16  Adept  
  173  14:21  Probe x4  
  177  14:47  Nexus  
  177  14:54  Adept x3  
  177  15:07  High Templar x2  
  177  15:08  High Templar x3  
  187  15:15  Pylon, Psionic Storm  
  187  15:16  Pylon  
  187  15:18  Pylon  
  187  15:19  Pylon  
  187  15:20  Pylon  
  187  15:25  Archon x2  
  187  15:34  Carrier x2  
  173  16:39  Assimilator  
  173  16:41  High Templar x6  
  173  16:42  Assimilator, High Templar x2  
  173  16:44  Carrier  
  195  16:50  Probe  
  196  16:57  Archon x3  
  196  16:58  Archon  
  193  18:01  High Templar  
  193  18:02  High Templar x2  
  171  18:43  Archon  
  105  19:01  High Templar  
  105  19:02  High Templar x5  
  105  19:03  High Templar x3  
  105  19:05  Carrier x2  
  119  19:12  Archon x3  
  119  19:13  Archon  
  107  19:20  Gateway x2  
  107  19:22  Gateway  
  107  19:24  Gateway  
  95  19:46  High Templar x3  
  95  19:47  High Templar x4  
  95  19:49  High Templar  
  95  19:50  Zealot  
  113  19:55  Archon x3  
  113  19:56  Archon  
  102  20:22  Zealot x2  
  102  20:23  Zealot x7  
  102  20:24  Zealot x4  
  103  20:38  Probe  
  103  20:39  Probe x2  
  106  20:51  Probe  
  107  21:00  Zealot x4  
  107  21:01  Zealot x6  
  107  21:02  Zealot x3  
  133  21:08  Charge  
  133  21:14  Warp Prism  
  135  21:27  Gateway x2  
  135  21:30  Gateway  
  135  21:32  Gateway  
  135  21:35  Gateway x2  
  135  21:38  Assimilator  
  135  21:40  Assimilator  
  135  21:42  Pylon  
  135  21:44  Pylon  
  135  21:59  Zealot x3  
  135  22:00  Zealot x5  
  135  22:01  Zealot x3  
  153  22:02  Zealot x2  
  161  22:12  Zealot  
  163  22:20  Gateway  
  163  22:22  Gateway  
  163  22:23  Gateway  
  163  22:24  Zealot x2  
  163  22:25  Gateway, Zealot x3  
Tags
 
Add a new tag
Caveats
  • Supply blocks, unpowered buildings, or Contaminate may cause inaccurate times.
  • Supply counts are checked every 10 seconds.